 Dungeon Crawl Stone Soup version 0.28-a0-1206-g193881aaa2 (webtiles) character file.

Game seed: 16709953303651668114

1051 Zonian the Skirmisher (level 8, -6/71 HPs)
             Began as a Hill Orc Fighter on Dec 21, 2021.
             Mangled by a small abomination (15 damage)
             ... on level 1 of the Abyss.
             The game lasted 00:05:24 (3567 turns).

Zonian the Skirmisher (Hill Orc Fighter)            Turns: 3567, Time: 00:05:25

Health: -6/71      AC: 11    Str: 19    XL:     8   Next: 26%
Magic:  8/8        EV:  9    Int:  8    God:
Gold:   114        SH:  5    Dex: 12    Spells: 7/7 levels left

rFire   . . .      SeeInvis .   a - +1 war axe (freeze)
rCold   . . .      Faith    .   c - +0 buckler
rNeg    . . .      Spirit   .   b - +0 scale mail
rPois   .          Reflect  .   (no helmet)
rElec   .          Harm     .   (no cloak)
rCorr   .          Rampage  .   (no gloves)
Will    .....                   (no boots)
Stlth   ..........              (no amulet)
HPRegen 0.21/turn               k - +4 ring of protection
MPRegen 0.11/turn               (no ring)

@: unable to read
A: inability to read while threatened
a: no special abilities


You were on level 1 of the Abyss.
You visited 1 branch of the dungeon, and saw 4 of its levels.
You visited the Abyss 1 time.

You collected 114 gold pieces.

Inventory:

Hand Weapons
 a - a +1 war axe of freezing (weapon)
Missiles
 l - 12 poisoned darts (quivered)
Armour
 b - a +0 scale mail (worn)
 c - a +0 buckler (worn)
Jewellery
 j - an amulet of magic regeneration
 k - a +4 ring of protection (left hand)
Scrolls
 e - a scroll of blinking
 h - a scroll of fog
Potions
 d - a potion of might
 f - 2 potions of curing
 g - a potion of brilliance {unknown}
 i - 2 potions of berserk rage {unknown}


   Skills:
 + Level 6.7 Fighting
 + Level 6.7 Axes
 + Level 6.0 Armour
 + Level 6.0 Shields


You had 7 spell levels left.
You didn't know any spells.
Your spell library contained the following spells:

 Spells                   Type           Power      Damage    Failure   Level
 Summon Small Mammal      Summ           0%         N/A       75%         1
 Call Canine Familiar     Summ           0%         N/A       98%         3
 Summon Guardian Golem    Hex/Summ       0%         N/A       98%         3


Dungeon Overview and Level Annotations

Branches:
Dungeon (4/15)             Temple (0/1) D:4

Altars:


Innate Abilities, Weirdness & Mutations

You sometimes lose the ability to read scrolls when taking damage.


Message History

Found 33 gold pieces.
A small abomination comes into view.
You see here 2 viscous emerald potions.
i - 2 viscous emerald potions
Found 12 gold pieces.
Found a pair of boots.
The neqoxec shouts!
You see here 12 gold pieces.
You now have 114 gold pieces (gained 12).
The neqoxec barely misses you.
Unknown command.
You hit the neqoxec. You freeze the neqoxec.
The neqoxec is lightly wounded.
The neqoxec gestures at you.
Something tries to feed on your intellect!
You hit the neqoxec. You freeze the neqoxec.
The neqoxec is moderately wounded.
The neqoxec barely misses you.
You hit the neqoxec. You freeze the neqoxec.
The neqoxec is heavily wounded.
You hit the small abomination. You freeze the small abomination.
The small abomination hits you!
* * * LOW HITPOINT WARNING * * *
The neqoxec hits you but does no damage.
The small abomination barely misses you.
It was a potion of curing.
You feel better. The neqoxec barely misses you. The small abomination hits you!
* * * LOW HITPOINT WARNING * * *
Unknown command.
You feel better.
The small abomination hits you but does no damage.
The neqoxec hits you but does no damage.
Unknown command.
The neqoxec gestures at you.
Strange energies course through your body.
You lose the ability to read scrolls when threatened.
Unknown command.
The small abomination hits you!
You feel threatened and lose the ability to read scrolls!
You die...

.#. .#. ..... ...
#... ..# .. #...
..# #.# ##.##
#.##
...###...###...##
#.
...#.[...#.....#.
.
........3@.......
# ..
.#....x#.....##
#...
##...###...##
##.## ##.## #.##
# ...###.. ## ..#
#.. ..#.....#.
..#
................
..#
.....#.....#...
.#. ##...###..$
##...


You could see a neqoxec and a small abomination.

Vanquished Creatures
  Pikel (D:4)
  The ghost of lonewolfV2 the Cudgeller, an amateur DrFi (D:4)
  A water moccasin (D:4)
  A necrophage (D:4)
  2 lemures (D:4)
  A kobold brigand (D:4)
  A water moccasin skeleton (D:3)
  A hound (D:4)
  3 adders
  A worm (D:2)
  2 dart slugs
  3 orcs
  7 ball pythons
  7 endoplasms
  4 giant cockroaches
  5 goblins
  4 hobgoblins
  3 jackals (D:1)
  13 kobolds
  A quokka (D:4)
  3 bats (D:1)
  2 frilled lizards
  2 rats
69 creatures vanquished.

Vanquished Creatures (collateral kills)
  An orc (D:3)
1 creature vanquished.

Grand Total: 70 creatures vanquished

Notes
Turn   | Place    | Note
-------+----------+-------------------------------------------
     0 | D:1      | Zonian the Hill Orc Fighter began the quest for the Orb.
     0 | D:1      | Reached XP level 1. HP: 19/19 MP: 1/1
   153 | D:1      | Reached XP level 2. HP: 21/27 MP: 2/2
   511 | D:1      | Reached XP level 3. HP: 33/33 MP: 3/3
   814 | D:2      | You fall into a shaft and drop 1 floor!
   952 | D:3      | Found a faded altar of an unknown god.
   991 | D:3      | Reached XP level 4. HP: 30/41 MP: 4/4
  1370 | D:2      | Reached XP level 5. HP: 39/47 MP: 5/5
  2338 | D:4      | Noticed a necrophage
  2470 | D:4      | Killed a necrophage
  2471 | D:4      | Reached skill level 5 in Fighting
  2471 | D:4      | Reached XP level 6. HP: 49/56 MP: 6/6
  2731 | D:4      | Noticed Pikel
  2765 | D:4      | Found a staircase to the Ecumenical Temple.
  2835 | D:4      | Killed Pikel
  2836 | D:4      | Reached skill level 5 in Armour
  2836 | D:4      | Reached skill level 5 in Shields
  2836 | D:4      | Reached XP level 7. HP: 41/63 MP: 7/7
  3451 | D:4      | Reached XP level 8. HP: 71/71 MP: 8/8
  3453 | D:4      | Noticed lonewolfV2's ghost (amateur DrFi)
  3454 | D:4      | Found a runed translucent gate.
  3454 | D:4      | Found a runed translucent gate.
  3454 | D:4      | Found a runed translucent gate.
  3493 | D:4      | Killed lonewolfV2's ghost
  3505 | D:4      | Cast into level 1 of the Abyss (kobold)
  3532 | Abyss:1  | Noticed a thrashing horror
  3538 | Abyss:1  | Found a corrupted altar of Lugonu.
  3564 | Abyss:1  | HP: 3/71 [small abomination (16)]
  3566 | Abyss:1  | Gained mutation: You sometimes lose the ability to read
                  | scrolls when taking damage. [a neqoxec]
  3567 | Abyss:1  | Mangled by a small abomination

Illustrated notes

Levels and vault maps discovered:
D:1:      minmay_arrival_plants_in_alcoves, layout_basic
D:2:      layout_basic
D:3:      layout_loops_ring, nicolae_ecumenical_pavilion
D:4:      layout_basic, minmay_temple_entry_large_hall,
          gammafunk_ghost_nasty_kobolds, uniq_pikel
Abyss:1:  base: D:2, guppyfry_abyss_exit_imp_island

Skill      XL: |  1  2  3  4  5  6  7  8 |
---------------+-------------------------+-----
Axes           | 3 4 6 |  6.7
Fighting       | 4 5 6 |  6.7
Armour         | 4 5 6 |  6.0
Shields        | 4 5 6 |  6.0

Action                   |  1- 3 |  4- 6 |  7- 9 || total
-------------------------+-------+-------+-------++-------
Melee: War axe           |    87 |    87 |    47 ||   221
Throw: Dart              |       |     5 |       ||     5
  Use: Scroll            |     1 |     6 |       ||     7
       Potion            |       |       |     2 ||     2
Armor: Scale mail        |    32 |    40 |    24 ||    96
Dodge: Dodged            |    45 |    36 |    20 ||   101
Block: Buckler           |    24 |    21 |     7 ||    52

Table legend: (Time is in decaauts)
 A = Elapsed time spent in this place.
 B = Non-inter-level travel time spent in this place.
 C = Inter-level travel time spent in this place.
 D = Time resting spent in this place.
 E = Time spent auto-exploring this place.
 F = Levels seen in this place.
 G = Mean time per level.
                   A        B        C        D        E       F      G
               +--------+--------+--------+--------+--------+-----+--------+
         Total |   3632 |   3591 |     41 |    951 |   1982 |   5 |  726.4 |
       Dungeon |   3570 |   3529 |     41 |    924 |   1982 |   4 |  892.5 |
         Abyss |     62 |     62 |      0 |     27 |      0 |   1 |   62.0 |
               +--------+--------+--------+--------+--------+-----+--------+

Top non-repeatable levels by time:
     D:4: 1141 daAuts
     D:3: 953 daAuts
     D:1: 837 daAuts
     D:2: 637 daAuts
 Abyss:1: 62 daAuts
